 Dungeon Crawl Stone Soup version 0.30-a0-808-g6e0788376e (webtiles) character file.

Game seed: 4984545529620026963

651 pokeman the Magician (level 7, 0/39 HPs)
             Began as a Deep Elf Hedge Wizard on Feb 25, 2023.
             Slain by Pikel
             ... wielding a +0 whip of freezing
              (8 damage)
             ... on level 5 of the Dungeon.
             The game lasted 00:10:34 (4510 turns).

pokeman the Magician (Deep Elf Hedge Wizard)        Turns: 4510, Time: 00:10:35

Health: 0/39       AC:  9    Str:  7    XL:     7   Next: 28%
Magic:  6/20       EV: 13    Int: 21    God:
Gold:   310        SH:  0    Dex: 14    Spells: 10/21 levels left

rFire   . . .      SeeInvis .    A - +1 dagger (drain)
rCold   . . .      Faith    .    (no shield)
rNeg    . . .      Spirit   .    b - +0 robe
rPois   .          Reflect  .    x - +1 hat
rElec   .          Harm     .    n - +0 cloak
rCorr   .          Rampage  .    (no gloves)
Will    .....                    p - +0 pair of boots
Stlth   ++                       (no amulet)
HPRegen 0.26/turn                u - +4 ring of protection
MPRegen 0.17/turn                (no ring)

@: on blink cooldown, very slightly contaminated
A: no striking features
a: no special abilities


You were on level 5 of the Dungeon.
You visited 1 branch of the dungeon, and saw 5 of its levels.

You collected 310 gold pieces.

Inventory:

Hand Weapons
 A - a +1 dagger of draining (weapon)
Missiles
 s - 9 poisoned darts (quivered)
Armour
 b - a +0 robe (worn)
 n - a +0 cloak (worn)
 p - a +0 pair of boots (worn)
 t - the +18 Lear's hauberk
   (You found it on level 3 of the Dungeon)
 x - a +1 hat (worn)
Jewellery
 u - a +4 ring of protection (left hand)
Wands
 y - a wand of polymorph (10)
Scrolls
 e - 3 scrolls of fog {unknown}
 f - a scroll of acquirement {unknown}
 g - a scroll of fear {unknown}
 i - 4 scrolls of identify {unknown}
 k - 2 scrolls of teleportation {unknown}
 l - 3 scrolls of brand weapon {unknown}
 m - 2 scrolls of magic mapping {unknown}
 o - a scroll of immolation {unknown}
 q - a scroll of noise {unknown}
Potions
 a - a potion of brilliance {unknown}
 c - 4 potions of mutation {unknown}
 d - a potion of magic
 h - 4 potions of haste {unknown}
 j - 4 potions of heal wounds {unknown}
 r - 2 potions of degeneration {unknown}
 v - a potion of invisibility {unknown}
 w - a potion of curing {unknown}
 z - a potion of berserk rage {unknown}
 B - 2 potions of ambrosia {unknown}
 C - a potion of flight {unknown}


   Skills:
 + Level 1.9 Fighting
 - Level 1.0 Armour
 - Level 3.1 Dodging
 - Level 3.3 Stealth
 * Level 7.9 Spellcasting
 + Level 3.7 Conjurations
 - Level 2.2 Summonings
 - Level 1.1 Translocations
 - Level 1.0 Air Magic
 + Level 0.3 Earth Magic
 - Level 1.2 Poison Magic
 - Level 1.1 Evocations


You had 10 spell levels left.
You knew the following spells:

 Your Spells              Type           Power      Damage    Failure   Level
a - Magic Dart            Conj           96%        1d7       1%          1
b - Mephitic Cloud        Conj/Pois/Air  16%        N/A       11%         3
c - Call Imp              Summ           17%        N/A       4%          2
d - Blink                 Tloc           24%        N/A       8%          2
e - Stone Arrow           Conj/Erth      34%        3d9       11%         3

Your spell library contained the following spells:

 Spells                   Type           Power      Damage    Failure   Level
 Slow                     Hex            32%        N/A       9%          1
 Cigotuvi's Dreadful Rot  Necr/Pois/Air  22%        N/A       9%          2
 Ensorcelled Hibernation  Hex/Ice        16%        N/A       12%         2
 Passwall                 Tmut/Erth      7%         N/A       12%         2
 Swiftness                Air            12%        N/A       16%         3
 Ozocubu's Armour         Ice            8%         N/A       24%         3
 Animate Armour           Summ/Erth      26%        N/A       43%         4
 Ozocubu's Refrigeration  Ice            4%         4d8       100%        7
 Lehudib's Crystal Spear  Conj/Erth      8%         10d4      100%        8


Dungeon Overview and Level Annotations

Branches:
Dungeon (5/15)
 Temple: D:4-7

Altars:
Cheibriados
Nemelex Xobeh
Trog
Wu Jian

Shops:
D:4 (

Annotations:
D:3 1 transporter
D:5 Pikel


Message History

Pikel barely misses the lemure.
The lemure misses the lemure.
The lemure hits itself.
Casting: Mephitic Cloud (dangerous; 11% risk of failure)
Confirm with . or Enter, or press ? or * to list all spells.
Aiming: Stone Arrow (dangerous; 11% risk of failure)
Press: ? - help, Shift-Dir - straight line, f - Pikel, p - lemure
Aim: Pikel, wielding a +0 whip of freezing and wearing a +0 robe (confused, 85% to hit)
The stone arrow hits Pikel but does no damage.
Casting: Stone Arrow (dangerous; 11% risk of failure)
Confirm with . or Enter, or press ? or * to list all spells.
Aiming: Stone Arrow (dangerous; 11% risk of failure)
Press: ? - help, Shift-Dir - straight line, f/p - Pikel
Aim: Pikel, wielding a +0 whip of freezing and wearing a +0 robe (confused, 85% to hit)
The stone arrow hits Pikel!
Pikel is moderately wounded.
Pikel hits you with a +0 whip of freezing.
Pikel freezes you.
Casting: Stone Arrow (dangerous; 11% risk of failure)
Confirm with . or Enter, or press ? or * to list all spells.
Aiming: Stone Arrow (dangerous; 11% risk of failure)
Press: ? - help, Shift-Dir - straight line, f/p - Pikel
Aim: Pikel, wielding a +0 whip of freezing and wearing a +0 robe (moderately wounded, confused, 85% to hit)
You miscast Stone Arrow.
You are very lightly contaminated with residual magic.
Nothing appears to happen.
Pikel seems less confused.
Pikel hits you with a +0 whip of freezing!
* * * LOW HITPOINT WARNING * * *
Pikel freezes you.
* * * LOW HITPOINT WARNING * * *
Casting: Stone Arrow (dangerous; 11% risk of failure)
Confirm with . or Enter, or press ? or * to list all spells.
You miscast Blink.
Nothing appears to happen.
A howler monkey comes into view.
The lemure misses Pikel.
Pikel barely misses you.
Casting: Blink (safe; 8% risk of failure)
Confirm with . or Enter, or press ? or * to list all spells.
You blink.
Pikel attacks as you move away!
Pikel hits you with a +0 whip of freezing!
You die...

........# #<.####.##
........### ##.##...#
........<.## #.##.###
.....#.##..# #.##.# ... #.
##.## #.##.# .
.#..##..##### #.##.#
.....h...55.§########.##.#
.._.####.5#.K.......#.##.#
...5 ##.#.@5......#....#
..5 #...........#..###
###.........####
#.........###
#.......†...# #
#.........#.#######
#.....[..........##
#........(#...##...
#.........###.#####


You could see Pikel and 3 lemures.

Vanquished Creatures
  An ogre (D:3)
  A phantom (D:4)
  Blork the orc (D:4)
  A scorpion (D:5)
  A hound (D:5)
  An orc priest (D:4)
  A gnoll bouda (D:5)
  An iguana (D:4)
  Ijyb (D:4)
  An orc wizard (D:4)
  3 gnolls (D:5)
  7 adders
  An ufetubus (D:5)
  A worm (D:4)
  2 dart slugs
  8 orcs (D:4)
  7 endoplasms
  7 giant cockroaches
  8 goblins
  7 hobgoblins
  3 jackals (D:5)
  2 quokkas
  7 ball pythons
  7 bats
  5 frilled lizards
  5 kobolds
  5 rats
95 creatures vanquished.

Vanquished Creatures (collateral kills)
  A worm (D:2)
  2 orcs (D:4)
  An endoplasm (D:4)
4 creatures vanquished.

Grand Total: 99 creatures vanquished

Notes
Turn   | Place    | Note
-------+----------+-------------------------------------------
     0 | D:1      | pokeman the Deep Elf Hedge Wizard began the quest for the
                  | Orb.
     0 | D:1      | Reached XP level 1. HP: 10/10 MP: 7/7
   289 | D:1      | Reached XP level 2. HP: 16/16 MP: 6/9
   718 | D:1      | Reached skill level 5 in Spellcasting
  1008 | D:1      | Reached XP level 3. HP: 20/20 MP: 8/11
  1012 | D:1      | Learned a level 3 spell: Mephitic Cloud
  1016 | D:1      | Learned a level 2 spell: Call Imp
  1019 | D:1      | Learned a level 2 spell: Blink
  1537 | D:2      | Reached skill level 1 in Armour
  1703 | D:2      | Reached skill level 1 in Fighting
  1981 | D:3      | Reached XP level 4. HP: 25/25 MP: 11/13
  1997 | D:3      | Found the +18 Lear's hauberk
  2003 | D:3      | Noticed an ogre
  2447 | D:3      | Killed an ogre
  2448 | D:3      | Reached skill level 6 in Spellcasting
  2448 | D:3      | Reached XP level 5. HP: 29/29 MP: 2/15
  2655 | D:3      | Found a faded altar of an unknown god.
  2775 | D:3      | Found a sparkling altar of Nemelex Xobeh.
  2775 | D:3      | Found a transporter.
  2775 | D:3      | Noticed a centaur
  2994 | D:4      | Noticed Blork the orc
  3012 | D:4      | Killed Blork the orc
  3013 | D:4      | Reached skill level 1 in Air Magic
  3013 | D:4      | Reached skill level 1 in Poison Magic
  3013 | D:4      | Reached XP level 6. HP: 34/34 MP: 1/17
  3182 | D:4      | Found Rayxy's Weapon Emporium.
  3252 | D:4      | Noticed Ijyb
  3276 | D:4      | Killed Ijyb
  3382 | D:4      | Reached skill level 7 in Spellcasting
  3977 | D:5      | Entered Level 5 of the Dungeon
  4088 | D:5      | Reached XP level 7. HP: 35/39 MP: 11/20
  4225 | D:5      | Learned a level 3 spell: Stone Arrow
  4397 | D:5      | Found a bloodstained altar of Trog.
  4458 | D:5      | Reached skill level 1 in Evocations
  4481 | D:5      | Found an ornate altar of the Wu Jian Council.
  4488 | D:5      | Found a snail-covered altar of Cheibriados.
  4488 | D:5      | Noticed Pikel
  4510 | D:5      | Slain by Pikel

Illustrated notes

Levels and vault maps discovered:
D:1:      evilmike_arrival_crescent, layout_loops_ring,
          minmay_shallow_snake_nest
D:2:      layout_rooms, serial_corexii_hall, corexii_hall_statues_x,
          corexii_hall_statues_l, minmay_tiny_reverse_x
D:3:      layout_rooms, grunt_nemelex_the_gamble,
          dreamdust_ecumenical_altar_angels_and_demons
D:4:      layout_gridville, serial_shops, nicolae_shop_bloodbath_and_beyond,
          hangedman_abyss_or_decor_passed, uniq_ijyb, uniq_blork_the_orc
D:5:      layout_rooms, trog_hazing_becter, grunt_temple_overflow_open,
          minmay_joined_circles, uniq_pikel

Skill      XL: |  1  2  3  4  5  6  7 |
---------------+----------------------+-----
Spellcasting   | 5 6 7 |  7.9
Armour         | 1 |  1.0
Fighting       | 1 |  1.9
Conjurations   | 2 3 |  3.7
Dodging        | 3 |  3.1
Stealth        | 3 |  3.3
Air Magic      | 1 |  1.0
Poison Magic   | 1 |  1.2
Summonings     | 2 |  2.2
Evocations     | 1 |  1.1
Translocations | |  1.1
Earth Magic    | |  0.3

Action                     |  1- 3 |  4- 6 |  7- 9 || total
---------------------------+-------+-------+-------++-------
  Melee: Dagger            |     5 |    36 |    20 ||    61
         Punch             |       |     1 |     1 ||     2
  Throw: Dart              |       |     5 |       ||     5
   Cast: Magic Dart        |    90 |   105 |    25 ||   220
         Call Imp          |     1 |    10 |     1 ||    12
         Mephitic Cloud    |     1 |    12 |     4 ||    17
         Stone Arrow       |       |       |     2 ||     2
         Blink             |       |       |     1 ||     1
   Stab: Sleeping          |     2 |       |       ||     2
         Confused          |     1 |    11 |     1 ||    13
 Armour: Robe              |     3 |    19 |     4 ||    26
  Dodge: Dodged            |    10 |    30 |    12 ||    52

Table legend: (Time is in decaauts)
 A = Elapsed time spent in this place.
 B = Non-inter-level travel time spent in this place.
 C = Inter-level travel time spent in this place.
 D = Time resting spent in this place.
 E = Time spent auto-exploring this place.
 F = Levels seen in this place.
 G = Mean time per level.
                   A        B        C        D        E       F      G
               +--------+--------+--------+--------+--------+-----+--------+
         Total |   4510 |   4445 |     65 |    187 |   3469 |   5 |  902.0 |
       Dungeon |   4510 |   4445 |     65 |    187 |   3469 |   5 |  902.0 |
               +--------+--------+--------+--------+--------+-----+--------+

Top non-repeatable levels by time:
     D:1: 1174 daAuts
     D:4: 1037 daAuts
     D:2: 918 daAuts
     D:3: 848 daAuts
     D:5: 532 daAuts
